 Dungeon Crawl Stone Soup version 0.30.1-3-gfc49f6343a (webtiles) character file.

Game seed: 3341623222986709776

45 sampeng1 the Conjurer (level 3, 0/28 HPs)
             Began as a Human Reaver on July 30, 2023.
             Slain by an adder (1 damage)
             ... on level 3 of the Dungeon.
             The game lasted 00:05:02 (1067 turns).

sampeng1 the Conjurer (Human Reaver)                Turns: 1067, Time: 00:05:03

Health: 0/28       AC:  4    Str: 12    XL:     3   Next: 90%
Magic:  6/6        EV: 11    Int: 15    God:
Gold:   33         SH:  0    Dex: 11    Spells: 5/6 levels left

rFire   . . .        j - +2 whip (freeze)
rCold   . . .        (no shield)
rNeg    . . .        b - +0 leather armour
rPois   .            h - +1 hat
rElec   .            (no cloak)
rCorr   .            (no gloves)
SInv    .            (no boots)
Will    .....        (no amulet)
Stlth   +            f - +4 ring of slaying
HPRegen 0.24/turn    (no ring)
MPRegen 0.10/turn

%: no passive effects
@: no status effects
A: no striking features
a: no special abilities


You were on level 3 of the Dungeon.
You visited 1 branch of the dungeon, and saw 4 of its levels.

You collected 33 gold pieces.

Inventory:

Hand Weapons
 a - a +0 hand axe
 j - a +2 whip of freezing (weapon)
Missiles
 g - 3 poisoned darts
Armour
 b - a +0 leather armour (worn)
 h - a +1 hat (worn)
Jewellery
 f - a +4 ring of slaying (left hand)
Scrolls
 d - 2 scrolls of identify {unknown}
 e - a scroll of vulnerability {unknown}
 i - a scroll of immolation {unknown}
Potions
 c - 2 potions of might {unknown}


   Skills:
 + Level 2.4 Fighting
 - Level 3.2 Axes
 + Level 0.2(2.0) Maces & Flails
 + Level 2.4 Dodging
 + Level 2.4 Spellcasting
 + Level 3.3 Conjurations


You had 5 spell levels left.
You knew the following spells:

 Your Spells              Type           Power      Damage    Failure   Level
a - Kiss of Death         Conj/Necr      24%        2d7       14%         1

Your spell library contained the following spells:

 Spells                   Type           Power      Damage    Failure   Level
 Momentum Strike          Conj/Tloc      12%        3d8       21%         2
 Freeze                   Ice            4%         1d3       26%         1
 Hailstorm                Conj/Ice       6%         3d4       38%         3
 Frozen Ramparts          Ice            2%         1d1       63%         3


Dungeon Overview and Level Annotations

Branches:
Dungeon (4/15)
 Temple: D:4-7

Altars:

Annotations:
D:3 Grinder


Message History

Grinder is lightly wounded.
The goblin closely misses you. Grinder closely misses you.
You hit Grinder.
Grinder is moderately wounded.
Grinder closely misses you. The goblin hits you with a +0 dagger.
You whack Grinder!
Grinder is heavily wounded.
The goblin closely misses you. Grinder gestures at you.
You suddenly lose the ability to move!
An adder comes into view.
The goblin hits you with a +0 dagger. Grinder hits you!
You writhe in agony.
The adder hisses angrily.
The goblin hits you with a +0 dagger. Grinder gestures at you.
You shrug off the repeated paralysis!
Grinder hits you!
* * * LOW HITPOINT WARNING * * *
The goblin barely misses you.
You can move again.
You barely miss Grinder.
Grinder is heavily wounded.
Grinder hits you but does no damage. The goblin hits you but does no damage.
You hit Grinder.
Grinder is severely wounded.
The goblin hits you but does no damage. Grinder closely misses you.
You hit Grinder.
Grinder is severely wounded.
The goblin closely misses you. Grinder closely misses you.
You closely miss Grinder.
Grinder is severely wounded.
The adder bites you but does no damage. Grinder gestures at you.
Pain shoots through your body!
* * * LOW HITPOINT WARNING * * *
The goblin barely misses you.
You barely miss Grinder.
Grinder is severely wounded.
The adder bites you.
You die...

.....
#.######.........##
####
#.#......##..###.#
.........##..# #.#
#........##..# #.#
#.#..........# #.#
).......###.## ..#
###.....# ###
#..###†###
#......5@S#
#.#######g...#
#....# #..#.#
..##.# #.. # #..
#..


You could see Grinder, an adder and a goblin.

Vanquished Creatures
  An adder (D:3)
  2 orcs
  3 ball pythons (D:1)
  3 endoplasms
  A giant cockroach (D:2)
  5 goblins (D:1)
  4 hobgoblins
  3 jackals
  A quokka (D:1)
  3 bats
  2 frilled lizards (D:1)
  3 rats
31 creatures vanquished.

Notes
Turn   | Place    | Note
-------+----------+-------------------------------------------
     0 | D:1      | sampeng1 the Human Reaver began the quest for the Orb.
     0 | D:1      | Reached XP level 1. HP: 16/16 MP: 3/3
   142 | D:1      | Reached XP level 2. HP: 18/22 MP: 5/5
   538 | D:1      | Reached XP level 3. HP: 22/27 MP: 6/6
   852 | D:2      | You fall into a shaft and drop 2 floors!
   926 | D:3      | Identified the +4 spear of Xom, Shrinking {flame, Str-5
                  | Dex+3 Stlth+}
  1047 | D:3      | Noticed Grinder
  1059 | D:3      | Paralysed by Grinder for 4 turns
  1066 | D:3      | HP: 1/28 [Grinder/nerve-wracking pain (5)]
  1067 | D:3      | Slain by an adder

Illustrated notes

Levels and vault maps discovered:
D:1:      matt_arrival_diagonals, layout_basic, roderic_three_in_a_row
D:2:      layout_basic, basic_altar, minmay_quantized
D:3:      layout_basic, chequers_ecumenical_altar_simple_redux,
          minmay_misc_feat_enclosed, kennysheep_minor_cross, minmay_lizard_king,
          uniq_grinder
D:4:      layout_loops_ring, nicolae_overflow_hidden_temple, marbit_many_paths,
          minmay_misc_feat_hallway, serial_bayou_pond_b, nicolae_eternal_life

Action                     || total
---------------------------++-------
  Melee: Hand axe          ||    95
         Whip              ||    17
 Armour: Leather armour    ||    38
  Dodge: Dodged            ||    74
